 Dungeon Crawl Stone Soup version 0.31-a0-1321-g5021b54cb2 (webtiles) character file.

Game seed: 5217826168454526289

63368 Drazool the Hermetic (level 15, -9/113 HPs)
             Began as a Djinni Fire Elementalist on Dec 15, 2023.
             Was a High Priest of Ashenzari.
             Mangled by an ettin
             ... wielding a +0 dire flail
              (39 damage)
             ... on level 2 of the Orcish Mines on Dec 20, 2023.
             The game lasted 01:34:17 (16543 turns).

Drazool the Hermetic (Djinni Fire Elementalist)    Turns: 16543, Time: 01:34:18

Health: -9/113     AC: 13    Str:  7    XL:     15   Next: 49%
Gold:   2278       EV: 17    Int: 24    God:    Ashenzari [*****.] SH:  0 Dex: 14

rFire   + + .        P - +8 arc blade {discharge, rElec, Melee, Bglg} (curse)
rCold   x . .        (no shield)
rNeg    + . .        J - +2 troll leather armour "Share My Fortune-Teller" {Regen+, Cun, Elem} (curse)
rPois   ∞            g - +2 helmet "Thunder Perfect Mind" {Cun, Comp} (curse)
rElec   +            B - +2 cloak "Thunder Perfect Mind" {Elem, Cun} (curse)
rCorr   .            D - +0 pair of gloves of Ashenzari's Moon {Elem, Self} (curse)
SInv    +            (boots unavailable)
Will    +....        f - amulet of Desmomancy {Regen+, Alch, Melee} (curse)
Stlth   ++           v - ring of Supernal Gnosis {SInv, Self, Dev} (curse)
HPRegen 1.98/turn    K - ring of Ashenzari's the Ego {rN+, Bglg, Melee} (curse)
MPRegen 0.00/turn

%: clarity, infuse magic (-10 HP)
@: flying
A: sickness immunity, fire resistance 2, cold vulnerability 1, float, innate
caster, HP casting, extra vitality 1
a: Renounce Religion, Curse Item, Shatter the Chains


You were on level 2 of the Orcish Mines.
You worshipped Ashenzari.
Ashenzari was extremely pleased with you.
You visited 4 branches of the dungeon, and saw 19 of its levels.
You also visited: Ossuary and Bailey.

You collected 2278 gold pieces.


Innate Abilities, Weirdness & Mutations

You are immune to sickness and miasma.
You are immune to poison.
Your flesh is very heat resistant. (rF++)
You are vulnerable to cold. (rC-)
You float through the air rather than walking.
You learn spells naturally, not from books.
Your magical power is your life essence.
You have superior vitality. (+4 MHP)


   Skills:
 - Level 9.2(12.4) Fighting
 + Level 5.3(9.3) Short Blades
 - Level 5.8 Armour
 - Level 8.6(12.8) Dodging
 - Level 1.5(4.2) Stealth
 - Level 16.0(19.1) Spellcasting
 - Level 16.0(18.0) Conjurations
 - Level 16.0(19.1) Hexes
 - Level 16.0(18.0) Summonings
 - Level 16.0(18.0) Necromancy
 - Level 16.0(19.1) Translocations
 - Level 16.0(20.1) Fire Magic
 - Level 16.0(20.1) Ice Magic
 - Level 16.0(20.1) Air Magic
 - Level 16.0(20.1) Earth Magic
 - Level 19.4(21.3) Alchemy
 - Level 7.7(10.0) Evocations


You knew the following spells:

 Your Spells              Type           Power      Damage    Failure   Level
a - Starburst             Conj/Fire      42%        6d12      1%          6
c - Freezing Cloud        Conj/Ice/Air   43%        6-21      1%          5
e - Ensorcelled Hibernat  Hex/Ice        100%       N/A       0%          2
f - Foxfire               Conj/Fire      100%       2x1d9     0%          1
i - Iskenderun's Battles  Conj           83%        2d13      1%          5
m - Magic Dart            Conj           100%       1d8       0%          1
n - Frozen Ramparts       Ice            100%       1d16      0%          3
r - Inner Flame           Hex/Fire       87%        N/A       0%          3
v - Vampiric Draining     Necr           83%        2d11      0%          3
X - Scorch                Fire           100%       2d9       0%          2
Y - Volatile Blastmotes   Fire/Tloc      100%       2d18      0%          3
Z - Flame Wave            Conj/Fire      85%        2d18      0%          4
Your spell library was empty.

Inventory:

Hand Weapons
 L - a +0 heavy broad axe
 P - the cursed +8 arc blade (weapon) {discharge, rElec, Melee, Bglg}
   (You found it on level 5 of the Lair of Beasts)

   rElec:     It insulates you from electricity.
   It has a curse which improves the following skills: Melee Combat: Short
   Blades, Long Blades, Axes, Maces & Flails, Polearms, Staves and Unarmed
   Combat.
   Beguiling: Hexes and Translocations.
Armour
 g - the cursed +2 helmet "Thunder Perfect Mind" (worn) {Cun, Comp}
   (You took it off Robin on level 2 of the Dungeon)

   It has a curse which improves the following skills: Cunning: Dodging and
   Stealth.
   Companions: Summonings and Necromancy.
 B - the cursed +2 cloak "Thunder Perfect Mind" (worn) {Elem, Cun}
   (You found it on level 6 of the Dungeon)

   It has a curse which improves the following skills: Elements: Fire Magic, Ice
   Magic, Air Magic and Earth Magic.
   Cunning:   Dodging and Stealth.
 D - the cursed +0 pair of gloves of Ashenzari's Moon (worn) {Elem, Self}
   (You found it on level 7 of the Dungeon)

   It has a curse which improves the following skills: Elements: Fire Magic, Ice
   Magic, Air Magic and Earth Magic.
   Introspection: Fighting and Spellcasting.
 J - the cursed +2 troll leather armour "Share My Fortune-Teller" (worn) {Regen+, Cun, Elem}
   (You found it on level 9 of the Dungeon)

   Regen+:    It increases your rate of health regeneration.
   It has a curse which improves the following skills: Cunning: Dodging and
   Stealth.
   Elements:  Fire Magic, Ice Magic, Air Magic and Earth Magic.
Magical Staves
 x - a staff of earth {!a}
 I - a staff of alchemy {!a}
Jewellery
 e - an amulet of reflection
 f - the cursed amulet of Desmomancy (around neck) {Regen+, Alch, Melee}
   (You found it on level 4 of the Dungeon)

   [amulet of regeneration]

   Regen+:    It increases your rate of health regeneration.
   It has a curse which improves the following skills: Sorcery: Conjurations and
   Alchemy.
   Melee Combat: Short Blades, Long Blades, Axes, Maces & Flails, Polearms,
   Staves and Unarmed Combat.
 v - the cursed ring of Supernal Gnosis (left hand) {SInv, Self, Dev}
   (You found it on level 2 of the Dungeon)

   [ring of see invisible]

   SInv:      It lets you see invisible.
   It has a curse which improves the following skills: Introspection: Fighting
   and Spellcasting.
   Devices:   Evocations and Shapeshifting.
 C - a ring of ice
 K - the cursed ring of Ashenzari's the Ego (right hand) {rN+, Bglg, Melee}
   (You found it on level 10 of the Dungeon)

   [ring of positive energy]

   rN+:       It protects you from negative energy.
   It has a curse which improves the following skills: Beguiling: Hexes and
   Translocations.
   Melee Combat: Short Blades, Long Blades, Axes, Maces & Flails, Polearms,
   Staves and Unarmed Combat.
 N - a ring of positive energy
Wands
 j - a wand of roots (50)
 k - a wand of digging (7)
 n - a wand of paralysis (9)
 t - a wand of mindburst (20)
 M - a wand of flame (15)
Scrolls
 b - 4 scrolls of blinking
 h - 5 scrolls of fog
 i - 5 scrolls of teleportation {@r2}
 l - 2 scrolls of vulnerability
 o - 3 scrolls of immolation
 p - 4 scrolls of noise
 w - a scroll of brand weapon
 y - 2 scrolls of fear
 A - 4 scrolls of summoning
 F - 4 scrolls of revelation
 G - 6 scrolls of enchant weapon
Potions
 a - 5 potions of invisibility
 c - 9 potions of curing {@q1}
 d - 6 potions of enlightenment
 m - 3 potions of heal wounds {@q2}
 q - 4 potions of brilliance
 r - 7 potions of might
 s - 2 potions of mutation
 u - 4 potions of haste {@q3}
 z - a potion of attraction
 E - 2 potions of lignification
 Q - a potion of ambrosia
Miscellaneous
 H - a phial of floods
 O - a sack of spiders

Dungeon Overview and Level Annotations

Branches:
Dungeon (11/15)            Temple (1/1) D:7            Lair (5/5) D:11
 Shoals (0/4) Lair:3       Spider (0/4) Lair:2        Slime (0/5) Lair:5
    Orc (2/2) D:10        Ossuary (visited)          Bailey (visited)
    Elf: Orc:2

Altars:
Ashenzari
Cheibriados
Dithmenos
Elyvilon
Fedhas
Gozag
Hepliaklqana
Makhleb
Nemelex Xobeh
Okawaru
Qazlal
Ru
Trog
Uskayaw
Wu Jian
Xom
Yredelemnul
Zin
The Shining One
Jiyva

Shops:
D:4 *

Annotations:
Lair:3 1 runed translucent door, Yxtequst's ghost, journeyman AtWn

**##*###*##
*.#☼##..#.### *
,..$§§§.§§§.##*#*
,...§§§.§§§.§#.#,
,...§☼§§§☼§§§...,
,...§§§§°§§§##,,,
,...°§§§@§§§§#,,,
,..§§§TC§.§....o*
,..§§☼§T§§.#.#..,
,..§°§§§§§§.#..,,
,TC§§§§§§§§##*,.,
,.§§§§§§§§.# **,,
,OO§§°§§§§## *,,,
,O.☼§§.#### **,,
,,,∩,,,,** **,


You could see an ettin, a deep troll, a cyclops, 2 trolls, 3 ogres and an orc
wizard.


Message History

The troll is engulfed in freezing vapours.
The two-headed ogre is engulfed in freezing vapours.
The two-headed ogre is engulfed in freezing vapours.
You kill the two-headed ogre!
The ettin is engulfed in freezing vapours.
The deep troll is engulfed in freezing vapours.
The troll is engulfed in freezing vapours.
The ogre shouts!
You hit the ettin but do no damage.
The ettin is severely wounded.
You hear a shout!
You hear two shouts!
An orc wizard comes into view. It is wielding a +0 dagger.
An ogre comes into view. It is wielding a +0 giant club.
The deep troll is engulfed in freezing vapours.
The ettin is engulfed in freezing vapours.
The ettin completely misses you.
The ettin hits you with a +0 dire flail!!!
* * * LOW HITPOINT WARNING * * *
The troll is engulfed in freezing vapours.
You hear a shout! x2
The ogre shouts!
You hit the ettin but do no damage. You punch the ettin, but do no damage.
The ettin is severely wounded.
Unknown command.
You barely miss the ettin.
The ettin is severely wounded.
The ettin is engulfed in freezing vapours.
The ettin misses you.
The ettin hits you with a +0 dire flail!!!
You die...

Skill      XL: |  1  2  3  4  5  6  7  8  9 10 11 12 13 14 15 |
---------------+----------------------------------------------+-----
Spellcasting   | 4 5 6 7 8 10 11 12 13 15 16 | 16.0
Conjurations   | 4 5 6 7 8 10 11 12 13 15 16 | 16.0
Hexes          | 4 5 6 7 8 10 11 12 13 15 16 | 16.0
Summonings     | 4 5 6 7 8 10 11 12 13 15 16 | 16.0
Necromancy     | 4 5 6 7 8 10 11 12 13 15 16 | 16.0
Translocations | 4 5 6 7 8 10 11 12 13 15 16 | 16.0
Transmutations | 4 5 6 7 8 10 11 15 |  0.0
Fire Magic     | 4 5 6 7 8 10 11 12 13 15 16 | 16.0
Ice Magic      | 4 5 6 7 8 10 11 12 13 15 16 | 16.0
Air Magic      | 4 5 6 7 8 10 11 12 13 15 16 | 16.0
Earth Magic    | 4 5 6 7 8 10 11 12 13 15 16 | 16.0
Alchemy        | 4 5 6 7 8 10 11 16 17 19 | 19.4
Fighting       | 4 6 8 9 |  9.2
Dodging        | 4 7 8 |  8.6
Evocations     | 5 7 |  7.7
Armour         | 4 5 |  5.8
Short Blades   | 5 |  5.3
Stealth        | |  1.5

Action                     |  1- 3 |  4- 6 |  7- 9 | 10-12 | 13-15 || total
---------------------------+-------+-------+-------+-------+-------++-------
  Melee: Trident           |       |       |       |     1 |    19 ||    20
         Rapier            |       |       |       |       |    25 ||    25
         Punch             |       |       |       |       |     2 ||     2
   Cast: Foxfire           |    49 |   111 |   140 |   445 |    99 ||   844
         Scorch            |     2 |    20 |    22 |    62 |    74 ||   180
         Magic Dart        |     2 |     3 |       |       |       ||     5
         Volatile Blastmot |       |       |    27 |    31 |    38 ||    96
         Flame Wave        |       |       |     2 |    31 |    29 ||    62
         Iskenderun's Batt |       |       |       |    31 |     9 ||    40
         Inner Flame       |       |       |       |     3 |       ||     3
         Freezing Cloud    |       |       |       |       |   163 ||   163
         Starburst         |       |       |       |       |     8 ||     8
 Invoke: Curse Item        |       |       |       |     7 |     3 ||    10
         Shatter the Chain |       |       |       |     1 |     1 ||     2
  Evoke: Wand              |       |       |       |     3 |     6 ||     9
    Use: Scroll            |       |       |     7 |     5 |       ||    12
         Potion            |       |       |     1 |     1 |     1 ||     3
   Stab: Paralysed         |       |       |       |       |     1 ||     1
 Armour: Robe              |     6 |     9 |    40 |    72 |       ||   127
         Troll leather arm |       |       |       |     5 |   100 ||   105
  Dodge: Dodged            |     6 |    16 |    22 |    54 |    69 ||   167

Levels and vault maps discovered:
D:1:      dpeg_arrival_court, layout_basic,
          shapermc_ecumenical_altar_totnotflames
D:2:      layout_loops_ring, uniq_robin, uniq_terence
D:3:      layout_loops_cross, pdpol_temple_overflow_zin_treasury_gozag_greed,
          mainiacjoe_overflow_chevrons, serial_bayou, serial_bayou_pond_c,
          serial_bayou_lake_a, serial_bayou_shore_b, kennysheep_generic_room_3
D:4:      layout_rooms, overflow_temple_1_default, serial_shops, shop,
          serial_forest, infiniplex_forest_lined_2,
          infiniplex_forest_straight_1, infiniplex_forest_diagonal,
          infiniplex_forest_end_3, infiniplex_forest_join, enter_ossuary_2,
          corner_web_ring, roderic_roman_lattice
D:5:      layout_gridville, uniq_prince_ribbit1, uniq_pikel
D:6:      layout_rooms, mainiacjoe_overflow_tiny_flanked, kennysheep_mini,
          nicolae_overflow_two_pavilions, minmay_pentangle, uniq_grinder
D:7:      layout_cave_pools, minmay_temple_entry_crystal_x
D:8:      layout_basic, overflow_temple_1_default, uniq_joseph
D:9:      layout_grid_maze, lightli_bailey_entry_fortress
D:10:     layout_gridville, hiddenorc2_lemuel, uniq_sonja, uniq_urug,
          uniq_gastronok
D:11:     layout_stronghold, david_lair_generic,
          nicolae_elevator_lobby_asterisk, uniq_fannar
Temple:   hellmonk_temple_divided_pantheon
Lair:1:   layout_cave_pods, grunt_forest_large_clearings, uniq_grum,
          uniq_jeremiah
Lair:2:   nzn_winding_woodlands_huge [nzn_winding_woodlands_5x15_default,
          nzn_winding_woodlands_5x15_concentric,
          nzn_winding_woodlands_5x15_garden, nzn_winding_woodlands_5x15_crooked,
          nzn_winding_woodlands_5x15_pathside_ponds,
          nzn_winding_woodlands_5x15_longhouse,
          nzn_winding_woodlands_5x15_sidewinder,
          nzn_winding_woodlands_5x15_pool, nzn_winding_woodlands_5x15_jagged,
          nzn_winding_woodlands_5x15_lazy_stream,
          nzn_winding_woodlands_center_triple_pond,
          nzn_winding_woodlands_center_garden,
          nzn_winding_woodlands_15x15_eel_pit], layout_long_grid,
          spider_nest_entry_funnel_web, minivault_27
Lair:3:   layout_loops_ring, minmay_shoals_entry_beasts,
          ebering_ghost_reflecting_pool, basic_altar
Lair:4:   layout_loops_ring, lemuel_fruit_tree, serial_bayou_shore_b,
          grunt_megastairs_4
Lair:5:   gammafunk_lair_ancient_temple, layout_loops_ring, slime_entry_1,
          dreamdust_gnoll_shepherd, uniq_nessos
Orc:1:    layout_diamond_mine, regret_index_minedec_guest_junction
Orc:2:    st_orc_open, layout_caves, serial_shops, nicolae_shop_window_shopping

Notes
Turn   | Place    | Note
-------+----------+-------------------------------------------
     0 | D:1      | Reached skill level 3 in Spellcasting
     0 | D:1      | Reached skill level 3 in Conjurations
     0 | D:1      | Reached skill level 3 in Hexes
     0 | D:1      | Reached skill level 3 in Summonings
     0 | D:1      | Reached skill level 3 in Necromancy
     0 | D:1      | Reached skill level 3 in Translocations
     0 | D:1      | Reached skill level 3 in Transmutations
     0 | D:1      | Reached skill level 3 in Fire Magic
     0 | D:1      | Reached skill level 3 in Ice Magic
     0 | D:1      | Reached skill level 3 in Air Magic
     0 | D:1      | Reached skill level 3 in Earth Magic
     0 | D:1      | Reached skill level 3 in Alchemy
     0 | D:1      | Drazool the Djinni Fire Elementalist began the quest for
                  | the Orb.
     0 | D:1      | Drazool set off with the following spells memorised:
                  | Foxfire, Scorch, Volatile Blastmotes, Inner Flame, Flame
                  | Wave.
     0 | D:1      | Reached XP level 1. HP: 15/15 MP: 0/0
    69 | D:1      | Found a faded altar of an unknown god.
   392 | D:1      | Reached XP level 2. HP: 19/21 MP: 0/0
  1164 | D:2      | Reached XP level 3. HP: 25/25 MP: 0/0
  1164 | D:2      | Learned a level 1 spell: Magic Dart
  1283 | D:2      | Reached XP level 4. HP: 28/31 MP: 0/0
  1286 | D:2      | Reached skill level 4 in Spellcasting
  1286 | D:2      | Reached skill level 4 in Conjurations
  1286 | D:2      | Reached skill level 4 in Hexes
  1286 | D:2      | Reached skill level 4 in Summonings
  1286 | D:2      | Reached skill level 4 in Necromancy
  1286 | D:2      | Reached skill level 4 in Translocations
  1286 | D:2      | Reached skill level 4 in Transmutations
  1286 | D:2      | Reached skill level 4 in Fire Magic
  1286 | D:2      | Reached skill level 4 in Ice Magic
  1286 | D:2      | Reached skill level 4 in Air Magic
  1286 | D:2      | Reached skill level 4 in Earth Magic
  1286 | D:2      | Reached skill level 4 in Alchemy
  1325 | D:2      | Noticed Robin
  1328 | D:2      | Killed Robin
  1415 | D:2      | Noticed Terence
  1454 | D:2      | Killed Terence
  1616 | D:2      | Reached XP level 5. HP: 34/35 MP: 0/0
  1616 | D:2      | Learned a level 2 spell: Ensorcelled Hibernation
  1925 | D:2      | Upgraded the game from 0.31-a0-1227-g0136665373 to
                  | 0.31-a0-1308-ga3cce3a448
  2043 | D:3      | Noticed an ogre
  2048 | D:3      | Killed an ogre
  2049 | D:3      | Reached skill level 5 in Spellcasting
  2049 | D:3      | Reached skill level 5 in Conjurations
  2049 | D:3      | Reached skill level 5 in Hexes
  2049 | D:3      | Reached skill level 5 in Summonings
  2049 | D:3      | Reached skill level 5 in Necromancy
  2049 | D:3      | Reached skill level 5 in Translocations
  2049 | D:3      | Reached skill level 5 in Transmutations
  2049 | D:3      | Reached skill level 5 in Fire Magic
  2049 | D:3      | Reached skill level 5 in Ice Magic
  2049 | D:3      | Reached skill level 5 in Air Magic
  2049 | D:3      | Reached skill level 5 in Earth Magic
  2049 | D:3      | Reached skill level 5 in Alchemy
  2049 | D:3      | Reached XP level 6. HP: 36/40 MP: 0/0
  2374 | D:3      | Found an opulent altar of Gozag.
  2419 | D:3      | Found a glowing silver altar of Zin.
  2766 | D:4      | Found Jaur's General Store.
  2821 | D:4      | Found a sand-covered staircase.
  2828 | Ossuary  | Entered an ossuary
  3146 | Ossuary  | Reached XP level 7. HP: 36/45 MP: 0/0
  3146 | Ossuary  | Learned a level 3 spell: Frozen Ramparts
  3150 | Ossuary  | Reached skill level 6 in Spellcasting
  3150 | Ossuary  | Reached skill level 6 in Conjurations
  3150 | Ossuary  | Reached skill level 6 in Hexes
  3150 | Ossuary  | Reached skill level 6 in Summonings
  3150 | Ossuary  | Reached skill level 6 in Necromancy
  3150 | Ossuary  | Reached skill level 6 in Translocations
  3150 | Ossuary  | Reached skill level 6 in Transmutations
  3150 | Ossuary  | Reached skill level 6 in Fire Magic
  3150 | Ossuary  | Reached skill level 6 in Ice Magic
  3150 | Ossuary  | Reached skill level 6 in Air Magic
  3150 | Ossuary  | Reached skill level 6 in Earth Magic
  3150 | Ossuary  | Reached skill level 6 in Alchemy
  3213 | Ossuary  | Reached skill level 1 in Fighting
  3288 | Ossuary  | Reached skill level 2 in Fighting
  3431 | Ossuary  | Reached skill level 3 in Fighting
  3446 | Ossuary  | Noticed a silent spectre
  3486 | D:4      | Identified a scroll of acquirement
  3488 | D:4      | Acquired 863 gold pieces
  3557 | D:4      | Reached skill level 4 in Fighting
  3557 | D:4      | Reached XP level 8. HP: 45/58 MP: 0/0
  3641 | D:4      | Reached skill level 3 in Dodging
  3840 | D:4      | Found a snail-covered altar of Cheibriados.
  3848 | D:4      | Reached skill level 4 in Dodging
  4441 | D:5      | Entered Level 5 of the Dungeon
  4517 | D:5      | Noticed Pikel
  4559 | D:5      | Killed Pikel
  4560 | D:5      | Reached skill level 7 in Spellcasting
  4560 | D:5      | Reached skill level 7 in Conjurations
  4560 | D:5      | Reached skill level 7 in Hexes
  4560 | D:5      | Reached skill level 7 in Summonings
  4560 | D:5      | Reached skill level 7 in Necromancy
  4560 | D:5      | Reached skill level 7 in Translocations
  4560 | D:5      | Reached skill level 7 in Transmutations
  4560 | D:5      | Reached skill level 7 in Fire Magic
  4560 | D:5      | Reached skill level 7 in Ice Magic
  4560 | D:5      | Reached skill level 7 in Air Magic
  4560 | D:5      | Reached skill level 7 in Earth Magic
  4560 | D:5      | Reached skill level 7 in Alchemy
  4560 | D:5      | Reached XP level 9. HP: 62/62 MP: 0/0
  4560 | D:5      | Learned a level 3 spell: Vampiric Draining
  4727 | D:5      | Noticed Prince Ribbit
  4732 | D:5      | Killed Prince Ribbit
  4733 | D:5      | Reached skill level 8 in Spellcasting
  4733 | D:5      | Reached skill level 8 in Conjurations
  4733 | D:5      | Reached skill level 8 in Hexes
  4733 | D:5      | Reached skill level 8 in Summonings
  4733 | D:5      | Reached skill level 8 in Necromancy
  4733 | D:5      | Reached skill level 8 in Translocations
  4733 | D:5      | Reached skill level 8 in Transmutations
  4733 | D:5      | Reached skill level 8 in Fire Magic
  4733 | D:5      | Reached skill level 8 in Ice Magic
  4733 | D:5      | Reached skill level 8 in Air Magic
  4733 | D:5      | Reached skill level 8 in Earth Magic
  4733 | D:5      | Reached skill level 8 in Alchemy
  4733 | D:5      | Reached skill level 1 in Evocations
  4905 | D:5      | Reached skill level 2 in Evocations
  4973 | D:5      | Reached skill level 3 in Evocations
  5299 | D:6      | Found a white marble altar of Elyvilon.
  5325 | D:6      | Reached skill level 4 in Evocations
  5445 | D:6      | Reached skill level 5 in Evocations
  5456 | D:6      | HP: 1/62 [wight/+4 halberd (11)]
  5627 | D:6      | Noticed Grinder
  5661 | D:6      | Paralysed by Grinder for 3 turns
  5665 | D:6      | Killed Grinder
  5666 | D:6      | Reached XP level 10. HP: 67/67 MP: 0/0
  5904 | D:6      | Reached skill level 9 in Spellcasting
  5904 | D:6      | Reached skill level 9 in Conjurations
  5904 | D:6      | Reached skill level 9 in Hexes
  5904 | D:6      | Reached skill level 9 in Summonings
  5904 | D:6      | Reached skill level 9 in Necromancy
  5904 | D:6      | Reached skill level 9 in Translocations
  5904 | D:6      | Reached skill level 9 in Transmutations
  5904 | D:6      | Reached skill level 9 in Fire Magic
  5904 | D:6      | Reached skill level 9 in Ice Magic
  5904 | D:6      | Reached skill level 9 in Air Magic
  5904 | D:6      | Reached skill level 9 in Earth Magic
  5904 | D:6      | Reached skill level 9 in Alchemy
  5925 | D:6      | Found a bloodstained altar of Trog.
  5926 | D:6      | Found a stormy altar of Qazlal.
  6088 | D:7      | Found a staircase to the Ecumenical Temple.
  6103 | Temple   | Found a transporter.
  6103 | Temple   | Found a transporter.
  6103 | Temple   | Found a transporter.
  6103 | Temple   | Found a transporter.
  6103 | Temple   | Entered the Ecumenical Temple
  6128 | Temple   | Became a worshipper of Ashenzari the Shackled
  6676 | D:8      | Reached skill level 10 in Spellcasting
  6676 | D:8      | Reached skill level 10 in Conjurations
  6676 | D:8      | Reached skill level 10 in Hexes
  6676 | D:8      | Reached skill level 10 in Summonings
  6676 | D:8      | Reached skill level 10 in Necromancy
  6676 | D:8      | Reached skill level 10 in Translocations
  6676 | D:8      | Reached skill level 10 in Transmutations
  6676 | D:8      | Reached skill level 10 in Fire Magic
  6676 | D:8      | Reached skill level 10 in Ice Magic
  6676 | D:8      | Reached skill level 10 in Air Magic
  6676 | D:8      | Reached skill level 10 in Earth Magic
  6676 | D:8      | Reached skill level 10 in Alchemy
  6773 | D:8      | Found a blossoming altar of Fedhas.
  6796 | D:8      | Noticed Joseph
  6813 | D:8      | Killed Joseph
  6814 | D:8      | Reached skill level 5 in Fighting
  6998 | D:8      | Reached skill level 6 in Fighting
  7191 | D:8      | Reached * piety under Ashenzari
  7191 | D:8      | Identified a potion of resistance
  7320 | D:9      | Found a flagged portal.
  7333 | Bailey   | Entered a bailey
  7362 | Bailey   | Reached XP level 11. HP: 62/78 MP: 0/0
  7362 | Bailey   | Learned a level 5 spell: Iskenderun's Battlesphere
  7363 | Bailey   | Reached skill level 7 in Fighting
  7537 | Bailey   | Reached skill level 8 in Fighting
  7559 | Bailey   | Reached skill level 1 in Armour
  7612 | D:9      | Reached skill level 2 in Armour
  7693 | D:9      | Reached skill level 3 in Armour
  7695 | D:9      | Reached ** piety under Ashenzari
  7826 | D:9      | Reached skill level 4 in Armour
  7982 | D:9      | Reached *** piety under Ashenzari
  8601 | D:10     | Entered Level 10 of the Dungeon
  8645 | D:10     | Noticed Gastronok
  8648 | D:10     | Noticed Urug
  8663 | D:10     | Killed Urug
  8681 | D:10     | Killed Gastronok
  8682 | D:10     | Reached skill level 11 in Spellcasting
  8682 | D:10     | Reached skill level 11 in Conjurations
  8682 | D:10     | Reached skill level 11 in Hexes
  8682 | D:10     | Reached skill level 11 in Summonings
  8682 | D:10     | Reached skill level 11 in Necromancy
  8682 | D:10     | Reached skill level 11 in Translocations
  8682 | D:10     | Reached skill level 11 in Transmutations
  8682 | D:10     | Reached skill level 11 in Fire Magic
  8682 | D:10     | Reached skill level 11 in Ice Magic
  8682 | D:10     | Reached skill level 11 in Air Magic
  8682 | D:10     | Reached skill level 11 in Earth Magic
  8682 | D:10     | Reached skill level 11 in Alchemy
  8913 | D:10     | Found a staircase to the Orcish Mines.
  8943 | D:10     | Noticed Sonja
  8946 | D:10     | Killed Sonja
  8947 | D:10     | Reached XP level 12. HP: 85/86 MP: 0/0
  9293 | D:10     | Reached skill level 15 in Transmutations
  9293 | D:10     | Reached skill level 16 in Alchemy
  9293 | D:10     | Upgraded the game from 0.31-a0-1308-ga3cce3a448 to
                  | 0.31-a0-1321-g5021b54cb2
  9449 | D:11     | Reached skill level 12 in Spellcasting
  9449 | D:11     | Reached skill level 12 in Conjurations
  9449 | D:11     | Reached skill level 12 in Hexes
  9449 | D:11     | Reached skill level 12 in Summonings
  9449 | D:11     | Reached skill level 12 in Necromancy
  9449 | D:11     | Reached skill level 12 in Translocations
  9449 | D:11     | Reached skill level 12 in Fire Magic
  9449 | D:11     | Reached skill level 12 in Ice Magic
  9449 | D:11     | Reached skill level 12 in Air Magic
  9449 | D:11     | Reached skill level 12 in Earth Magic
  9582 | D:11     | Noticed Fannar
  9596 | D:11     | Killed Fannar
  9597 | D:11     | Reached skill level 5 in Dodging
  9678 | D:11     | Found a staircase to the Lair.
  9716 | D:11     | Reached skill level 9 in Fighting
  9780 | D:11     | Reached **** piety under Ashenzari
  9892 | D:11     | Reached skill level 6 in Dodging
  9921 | D:11     | Identified the +5 mace "Cikehigh" {flame, rCorr}
 10001 | D:11     | Noticed a two-headed ogre
 10017 | D:11     | Killed a two-headed ogre
 10025 | D:11     | Reached skill level 7 in Dodging
 10210 | Lair:1   | Entered Level 1 of the Lair of Beasts
 10277 | Lair:1   | Noticed Jeremiah
 10382 | Lair:1   | Killed Jeremiah
 10445 | Lair:1   | Reached ***** piety under Ashenzari
 10606 | Lair:1   | Reached XP level 13. HP: 68/101 MP: 0/0
 10606 | Lair:1   | Learned a level 5 spell: Freezing Cloud
 10857 | Lair:1   | Noticed Grum
 10862 | Lair:1   | Killed Grum
 11306 | Lair:2   | Reached skill level 5 in Armour
 11306 | Lair:2   | Reached skill level 8 in Dodging
 11440 | Lair:2   | Found a hole to the Spider Nest.
 12132 | Lair:2   | Reached skill level 6 in Evocations
 12251 | Lair:2   | Noticed an eight-headed hydra
 12253 | Lair:2   | Reached skill level 7 in Evocations
 12256 | Lair:2   | Killed an eight-headed hydra
 12259 | Lair:2   | Noticed an eight-headed hydra
 12303 | Lair:2   | Killed an eight-headed hydra
 12509 | Lair:2   | Reached skill level 17 in Alchemy
 12550 | Lair:2   | Noticed a seven-headed hydra
 12563 | Lair:2   | Killed a seven-headed hydra
 12564 | Lair:2   | Reached skill level 13 in Spellcasting
 12564 | Lair:2   | Reached skill level 13 in Conjurations
 12564 | Lair:2   | Reached skill level 13 in Hexes
 12564 | Lair:2   | Reached skill level 13 in Summonings
 12564 | Lair:2   | Reached skill level 13 in Necromancy
 12564 | Lair:2   | Reached skill level 13 in Translocations
 12564 | Lair:2   | Reached skill level 13 in Fire Magic
 12564 | Lair:2   | Reached skill level 13 in Ice Magic
 12564 | Lair:2   | Reached skill level 13 in Air Magic
 12564 | Lair:2   | Reached skill level 13 in Earth Magic
 12611 | Lair:2   | Noticed a seven-headed hydra
 12621 | Lair:2   | Killed a seven-headed hydra
 12762 | Lair:2   | Reached XP level 14. HP: 80/110 MP: 0/0
 13217 | Lair:3   | Found a staircase to the Shoals.
 13287 | Lair:3   | Found a shimmering altar of Xom.
 13859 | Lair:3   | Reached skill level 14 in Spellcasting
 13859 | Lair:3   | Reached skill level 14 in Conjurations
 13859 | Lair:3   | Reached skill level 14 in Hexes
 13859 | Lair:3   | Reached skill level 14 in Summonings
 13859 | Lair:3   | Reached skill level 14 in Necromancy
 13859 | Lair:3   | Reached skill level 14 in Translocations
 13859 | Lair:3   | Reached skill level 14 in Fire Magic
 13859 | Lair:3   | Reached skill level 14 in Ice Magic
 13859 | Lair:3   | Reached skill level 14 in Air Magic
 13859 | Lair:3   | Reached skill level 14 in Earth Magic
 13907 | Lair:3   | Reached skill level 18 in Alchemy
 13919 | Lair:3   | Found a runed translucent door.
 13928 | Lair:3   | Noticed Yxtequst's ghost (journeyman AtWn)
 14890 | Lair:5   | Entered Level 5 of the Lair of Beasts
 14916 | Lair:5   | Noticed Nessos
 14926 | Lair:5   | Killed Nessos
 14930 | Lair:5   | Reached skill level 15 in Spellcasting
 14930 | Lair:5   | Reached skill level 15 in Conjurations
 14930 | Lair:5   | Reached skill level 15 in Hexes
 14930 | Lair:5   | Reached skill level 15 in Summonings
 14930 | Lair:5   | Reached skill level 15 in Necromancy
 14930 | Lair:5   | Reached skill level 15 in Translocations
 14930 | Lair:5   | Reached skill level 15 in Fire Magic
 14930 | Lair:5   | Reached skill level 15 in Ice Magic
 14930 | Lair:5   | Reached skill level 15 in Air Magic
 14930 | Lair:5   | Reached skill level 15 in Earth Magic
 15052 | Lair:5   | Reached skill level 19 in Alchemy
 15068 | Lair:5   | Reached XP level 15. HP: 110/115 MP: 0/0
 15068 | Lair:5   | Learned a level 6 spell: Starburst
 15130 | Lair:5   | Found the +8 arc blade {discharge, rElec}
 15317 | Lair:5   | Found a staircase to the Slime Pits.
 15320 | Lair:5   | Found a viscous altar of Jiyva.
 15362 | Lair:5   | Identified the +1 robe "Plog" {Harm rCorr}
 15656 | Lair:5   | Reached skill level 16 in Spellcasting
 15656 | Lair:5   | Reached skill level 16 in Conjurations
 15656 | Lair:5   | Reached skill level 16 in Hexes
 15656 | Lair:5   | Reached skill level 16 in Summonings
 15656 | Lair:5   | Reached skill level 16 in Necromancy
 15656 | Lair:5   | Reached skill level 16 in Translocations
 15656 | Lair:5   | Reached skill level 16 in Fire Magic
 15656 | Lair:5   | Reached skill level 16 in Ice Magic
 15656 | Lair:5   | Reached skill level 16 in Air Magic
 15656 | Lair:5   | Reached skill level 16 in Earth Magic
 15661 | Lair:5   | Reached skill level 1 in Short Blades
 15667 | Lair:5   | Reached skill level 2 in Short Blades
 15923 | Orc:1    | Entered Level 1 of the Orcish Mines
 15942 | Orc:1    | Reached skill level 3 in Short Blades
 16521 | Orc:2    | Entered Level 2 of the Orcish Mines
 16529 | Orc:2    | Reached skill level 4 in Short Blades
 16539 | Orc:2    | Reached skill level 5 in Short Blades
 16543 | Orc:2    | Mangled by an ettin

Vanquished Creatures
  Gastronok (D:10)
  Nessos (Lair:5)
  Fannar (D:11)
  5 hydras
  3 catoblepae
  3 two-headed ogres
  A merfolk avatar (Lair:5)
  Urug (D:10)
  Sonja (D:10)
  7 death yaks
  5 skysharks
  A sea snake (Lair:5)
  A harpy (Lair:5)
  Pikel (D:5)
  An orc knight (Orc:2)
  4 manticores
  A faun (Lair:1)
  8 elephants
  A kobold blastminer (Orc:1)
  3 black mambas
  Joseph (D:8)
  2 torpor snails
  Jeremiah (Lair:1)
  13 cane toads
  An unseen horror (D:11)
  2 rime drakes
  15 komodo dragons
  2 polar bears (Lair:5)
  2 wind drakes (Lair:5)
  6 trolls
  2 hornets
  Grinder (D:6)
  10 blink frogs
  6 dream sheep
  Prince Ribbit (D:5)
  A jumping spider (Lair:2)
  6 wyverns
  A shadow (D:10)
  56 yaks
  3 basilisks
  3 steam dragons
  Grum (Lair:1)
  4 vampire mosquitoes (D:11)
  2 wargs
  A redback (Lair:2)
  An acid dragon (D:10)
  21 water moccasins
  24 orc warriors
  A sky beast (D:8)
  5 black bears
  An ice beast (D:6)
  5 wolves
  13 ogres
  2 centaurs (D:8)
  A lemure (D:5)
  2 phantoms
  2 kobold brigands
  A gnoll sergeant (D:9)
  5 scorpions
  21 bullfrogs
  A water moccasin zombie (Ossuary)
  9 wights
  2 electric eels (Lair:2)
  11 howler monkeys
  6 jellies
  A bullfrog zombie (Ossuary)
  4 hounds
  5 centaur zombies (Ossuary)
  11 orc priests
  2 gnoll boudas
  A sleepcap (D:7)
  2 iguanas
  Terence (D:2)
  A scorpion zombie (Ossuary)
  21 orc wizards
  A hell rat (Lair:2)
  An ogre zombie (Ossuary)
  Robin (D:2)
  10 gnolls
  7 adders
  2 shadow imps
  4 white imps
  6 ufetubi
  4 adder zombies (Ossuary)
  4 worms
  A dart slug (D:4)
  102 orcs
  7 ball pythons
  4 bats
  6 endoplasms
  A giant cockroach (D:1)
  23 goblins
  9 hobgoblins
  13 kobolds
  3 quokkas
  3 frilled lizards
  7 gnoll zombies (Ossuary)
  A goblin zombie (Ossuary)
  3 hobgoblin zombies (Ossuary)
  3 orc zombies (Ossuary)
  2 rats (D:2)
604 creatures vanquished.

Vanquished Creatures (collateral kills)
  9 foxfires
9 creatures vanquished.

Vanquished Creatures (others)
  An orc wizard (Orc:2)
  1413 foxfires
1414 creatures vanquished.

Grand Total: 2027 creatures vanquished

Table legend: (Time is in decaauts)
 A = Elapsed time spent in this place.
 B = Non-inter-level travel time spent in this place.
 C = Inter-level travel time spent in this place.
 D = Time resting spent in this place.
 E = Time spent auto-exploring this place.
 F = Levels seen in this place.
 G = Mean time per level.
                   A        B        C        D        E       F      G
               +--------+--------+--------+--------+--------+-----+--------+
         Total |  16558 |  15857 |    701 |    750 |  10899 |  21 |  788.5 |
       Dungeon |   9290 |   8907 |    383 |    183 |   6732 |  11 |  844.5 |
        Temple |     42 |     42 |      0 |      0 |      1 |   1 |   42.0 |
          Lair |   5690 |   5405 |    285 |    179 |   3708 |   5 | 1138.0 |
  Orcish Mines |    618 |    586 |     32 |      0 |    395 |   2 |  309.0 |
       Ossuary |    653 |    653 |      0 |    362 |      0 |   1 |  653.0 |
        Bailey |    262 |    262 |      0 |     26 |     63 |   1 |  262.0 |
               +--------+--------+--------+--------+--------+-----+--------+

Top non-repeatable levels by time:
  Lair:2: 2006 daAuts
     D:9: 1081 daAuts
     D:1: 1040 daAuts
     D:4: 1020 daAuts
  Lair:1: 1002 daAuts
  Lair:3: 955 daAuts
     D:2: 911 daAuts
  Lair:5: 898 daAuts
    D:11: 884 daAuts
     D:5: 857 daAuts
  Lair:4: 826 daAuts
     D:3: 813 daAuts
    D:10: 764 daAuts
     D:6: 743 daAuts
 Ossuary: 653 daAuts

Table legend:
 A = Non-vault XP
 B = Vault XP
 C = Vault XP percentage of total XP
 D = Non-vault monster count
 E = Vault monster count
 F = Vault count percentage of total count
                 A         B        C        D         E       F
            +---------+---------+-------+---------+---------+-------
      Total |   50025 |   40502 |  44.7 |     384 |     220 |  36.4
            +---------+---------+-------+---------+---------+-------
        D:1 |      27 |       0 |   0.0 |      15 |       0 |   0.0
        D:2 |      55 |      72 |  56.7 |      14 |      13 |  48.1
        D:3 |     153 |       3 |   1.9 |      14 |       2 |  12.5
        D:4 |     570 |       0 |   0.0 |      18 |       0 |   0.0
        D:5 |     419 |     880 |  67.7 |      15 |       2 |  11.8
        D:6 |    1331 |     492 |  27.0 |      29 |      10 |  25.6
        D:7 |    1085 |       0 |   0.0 |      20 |       0 |   0.0
        D:8 |    1367 |     455 |  25.0 |      30 |       1 |   3.2
        D:9 |    3493 |      63 |   1.8 |      39 |      12 |  23.5
       D:10 |    1710 |    3535 |  67.4 |      13 |      36 |  73.5
       D:11 |    3994 |    1737 |  30.3 |      22 |       4 |  15.4
     Lair:1 |    3640 |    1567 |  30.1 |      19 |       7 |  26.9
     Lair:2 |    3502 |   14139 |  80.1 |      15 |      43 |  74.1
     Lair:3 |    5987 |    1137 |  16.0 |      24 |       2 |   7.7
     Lair:4 |    7270 |    1290 |  15.1 |      27 |       3 |  10.0
     Lair:5 |   12067 |   10041 |  45.4 |      25 |      22 |  46.8
      Orc:1 |    2116 |       0 |   0.0 |      34 |       0 |   0.0
      Orc:2 |    1239 |    3170 |  71.9 |      11 |      10 |  47.6
    Ossuary |       0 |     527 | 100.0 |       0 |      28 | 100.0
     Bailey |       0 |    1394 | 100.0 |       0 |      25 | 100.0
            +---------+---------+-------+---------+---------+-------
